 Dungeon Crawl Stone Soup version 0.29.1-14-g9c671dbff4 (webtiles) character file.

Game seed: 10091107596572505120

560 H0rd4k the Insei (level 7, -2/47 HPs)
             Began as an Octopode Artificer on Feb 13, 2023.
             Slain by an orc wizard
             ... wielding a +0 mace
              (4 damage)
             ... on level 5 of the Dungeon.
             The game lasted 00:03:52 (4303 turns).

H0rd4k the Insei (Octopode Artificer)               Turns: 4303, Time: 00:03:53

Health: -2/47      AC:  1    Str: 11    XL:     7   Next: 31%
Magic:  12/12      EV: 13    Int: 15    God:
Gold:   163        SH:  0    Dex: 13    Spells: 13/13 levels left

rFire   . . .      SeeInvis .     - Unarmed
rCold   . . .      Faith    .   (no shield)
rNeg    . . .      Spirit   .   (helmet restricted)
rPois   .          Reflect  .   n - amulet of regeneration
rElec   .          Harm     .   (no ring)
rCorr   .          Rampage  .   (no ring)
Will    .....                   (no ring)
Stlth   +++.......              (no ring)
HPRegen 0.95/turn               (no ring)
MPRegen 0.13/turn               (no ring)
                                (no ring)
                                (no ring)

@: no status effects
A: almost no armour, amphibious, 8 rings, camouflage 1, gelatinous body 1,
(nimble swimmer 1), tentacles
a: no special abilities


You were on level 5 of the Dungeon.
You visited 1 branch of the dungeon, and saw 5 of its levels.
You also visited: Sewer.

You collected 163 gold pieces.

Inventory:

Missiles
 o - a throwing net
 r - 6 poisoned darts
Magical Staves
 t - a staff of earth
Jewellery
 n - an amulet of regeneration (around mantle)
Wands
 b - a wand of flame (8) (quivered)
 c - a wand of charming (13)
 u - a wand of paralysis (7)
Scrolls
 a - a scroll of enchant armour {unknown}
 e - 2 scrolls of fog {unknown}
 f - a scroll of enchant weapon {unknown}
 i - 2 scrolls of poison {unknown}
 k - 2 scrolls of magic mapping {unknown}
 l - 5 scrolls of identify {unknown}
 m - 4 scrolls of teleportation {unknown}
 p - 2 scrolls of immolation {unknown}
 s - a scroll of vulnerability {unknown}
Potions
 d - a potion of berserk rage {unknown}
 g - a potion of haste {unknown}
 h - 3 potions of attraction {unknown}
 j - 5 potions of curing
 q - 2 potions of flight
 v - a potion of degeneration {unknown}
 w - a potion of lignification {unknown}


   Skills:
 + Level 3.8 Fighting
 - Level 2.3 Dodging
 - Level 1.3 Stealth
 - Level 4.7 Unarmed Combat
 * Level 3.6 Spellcasting
 - Level 3.2 Evocations


You had 13 spell levels left.
You didn't know any spells.
Your spell library contained the following spells:

 Spells                   Type           Power      Damage    Failure   Level
 Freeze                   Ice            8%         1d3       19%         1
 Frozen Ramparts          Ice            4%         1d1       50%         3
 Hailstorm                Conj/Ice       2%         3d3       88%         4


Dungeon Overview and Level Annotations

Branches:
Dungeon (5/15)              Sewer (visited)
 Temple: D:4-7

Altars:
Ru


Innate Abilities, Weirdness & Mutations

You cannot wear most types of armour.
You are amphibious.
You can wear up to eight rings at the same time.
Your skin changes colour to match your surroundings (Stealth+).
Your rubbery body absorbs attacks. (AC +1, EV +1)
((You are camouflaged when in or above water. (Stealth+)))
You have tentacles for arms and can constrict up to eight enemies at once.


Message History

You are confused.
You barely miss something. Your squeeze misses something. Something hits you.
You miss something. Something hits you but does no damage.
You barely miss something. Your squeeze misses something.
You bump into the rock wall.
You hear some strange, mumbled words.
Something tries to affect you, but you resist.
You bump into the rock wall.
Something hits you!
You bump into the rock wall.
You feel less confused.
You hear some strange, mumbled words.
A puff of flame appears from out of thin air!
The puff of flame hits you!
You closely miss something. Something hits you.
You closely miss something. Something hits you.
You miss something.
Your tentacle-slap misses something.
Something hits you.
You tentacle-slap something but do no damage.
Your squeeze misses something. Something hits you.
You closely miss something. Your squeeze misses something. Something hits you.
* * * LOW HITPOINT WARNING * * *
You completely miss something.
You hear some strange, mumbled words.
A puff of flame appears from out of thin air!
The puff of flame hits you.
* * * LOW HITPOINT WARNING * * *
You barely miss something. Your squeeze misses something.
Something barely misses you.
You closely miss something. You squeeze something.
The hound stops to sniff the ground.
Something hits you.
* * * LOW HITPOINT WARNING * * *
You tentacle-slap something. Something hits you.
* * * LOW HITPOINT WARNING * * *
You closely miss something. You squeeze something. Something hits you.
* * * LOW HITPOINT WARNING * * *
You miss something. Something hits you.
* * * LOW HITPOINT WARNING * * *
You miss something. You closely miss something. Something hits you.
You die... ....... ..... ..... ... ooo

#h# #{# #@# #.#
#.# #.# #.# #.#
#.# #.#
################.#


You could see a hound and 3 orcs.

Vanquished Creatures
  2 kobold brigands (Sewer)
  A scorpion (D:4)
  A hound (D:4)
  2 orc priests (D:3)
  An orc wizard (D:4)
  5 adders
  8 gnolls
  2 river rats (Sewer)
  A worm (D:2)
  2 dart slugs (D:1)
  6 orcs
  9 ball pythons
  3 bats
  6 endoplasms
  8 giant cockroaches
  9 goblins
  8 hobgoblins
  4 jackals
  5 quokkas
  3 frilled lizards (D:1)
  17 kobolds
  12 rats
115 creatures vanquished.

Vanquished Creatures (collateral kills)
  An orc (D:3)
  A kobold (D:3)
2 creatures vanquished.

Vanquished Creatures (others)
  An adder (D:3)
1 creature vanquished.

Grand Total: 118 creatures vanquished

Notes
Turn   | Place    | Note
-------+----------+-------------------------------------------
     0 | D:1      | H0rd4k the Octopode Artificer began the quest for the Orb.
     0 | D:1      | Reached XP level 1. HP: 13/13 MP: 1/1
   234 | D:1      | Found a faded altar of an unknown god.
   341 | D:1      | Reached skill level 1 in Spellcasting
   393 | D:1      | Reached XP level 2. HP: 12/18 MP: 3/3
   913 | D:1      | Reached XP level 3. HP: 23/24 MP: 5/5
   990 | D:1      | Reached skill level 1 in Unarmed Combat
  1460 | D:1      | You fall into a shaft and drop 1 floor!
  1623 | D:2      | Reached XP level 4. HP: 25/29 MP: 6/6
  2152 | D:2      | Found a sacrificial altar of Ru.
  2241 | D:2      | Reached skill level 2 in Unarmed Combat
  2429 | D:2      | Reached XP level 5. HP: 24/35 MP: 8/8
  2859 | D:3      | Found a glowing drain.
  2901 | Sewer    | Entered a sewer
  2914 | Sewer    | Reached skill level 3 in Unarmed Combat
  2966 | Sewer    | Noticed a kobold brigand
  2970 | Sewer    | Noticed a kobold brigand
  2975 | Sewer    | Killed a kobold brigand
  2978 | Sewer    | Reached XP level 6. HP: 23/41 MP: 9/9
  2988 | Sewer    | Reached skill level 4 in Unarmed Combat
  3028 | Sewer    | Found a white marble altar of Elyvilon.
  3706 | D:4      | Reached XP level 7. HP: 45/46 MP: 11/11
  4216 | D:5      | Entered Level 5 of the Dungeon
  4299 | D:5      | HP: 2/47 [something (6)]
  4303 | D:5      | Slain by an orc wizard

Illustrated notes

Levels and vault maps discovered:
D:1:      dpeg_arrival_snail, layout_loops_corners,
          dreamdust_ecumenical_altar_grove, chequers_serial_rivers_marsh,
          grunt_decor_cap, minmay_tetromino_i4
D:2:      layout_basic, basic_altar, serial_park_tiny_1, nicolae_eternal_life,
          minmay_misc_feat_enclosed
D:3:      layout_basic, gup_sewer_entry_glass, nrook_mini_vaults
D:4:      layout_cave_pools
D:5:      layout_basic, nicolae_inconvenience_store, lightli_corner_chamber,
          uniq_sigmund

Skill      XL: |  1  2  3  4  5  6 |
---------------+-------------------+-----
Spellcasting   | 1 2 3 |  3.6
Unarmed Combat | 1 2 3 4 |  4.7
Fighting       | 2 3 |  3.8
Dodging        | |  2.3
Stealth        | |  1.3
Evocations     | |  3.2

Action                   |  1- 3 |  4- 6 |  7- 9 || total
-------------------------+-------+-------+-------++-------
Melee: Unarmed           |   107 |   104 |    66 ||   277
       Constrict         |    28 |    30 |    10 ||    68
       Tentacles         |    22 |    20 |    12 ||    54
       Punch             |     1 |     2 |     1 ||     4
Evoke: Wand              |       |    14 |       ||    14
 Stab: Sleeping          |     8 |     5 |     2 ||    15
       Distracted        |     1 |       |     1 ||     2
Armor: Skin              |     7 |     8 |     2 ||    17
Dodge: Dodged            |    58 |    65 |    16 ||   139
